 Dungeon Crawl Stone Soup version 0.22-a0-322-g60b3cfd (webtiles) character file.

1279 inmateoo the Ducker (level 8, 0/55 HPs)
             Began as an Octopode Arcane Marksman on Apr 3, 2018.
             Slain by Pikel
             ... wielding a +1 whip of electrocution
              (10 damage)
             ... on level 6 of the Dungeon.
             The game lasted 00:09:42 (6221 turns).

inmateoo the Ducker (Octopode Arcane Marksman)      Turns: 6221, Time: 00:09:43

Health: 0/55       AC:  8    Str:  9    XL:     8   Next: 54%
Magic:  13/13      EV: 16    Int: 18    God:
Gold:   339        SH:  0    Dex: 12    Spells: 7/14 levels left

rFire    . . .     SeeInvis .   b - +1 long sword (protect)
rCold    . . .     Gourm    .   (no shield)
rNeg     + . .     Faith    .   (helmet restricted)
rPois    .         Spirit   .   (no amulet)
rElec    .         Reflect  .   f - ring of positive energy
rCorr    .         Harm     .   k - ring of flight
MR       .....                  (no ring)
Stlth    ++++......             (no ring)
HPRegen  0.18/turn              (no ring)
MPRegen  0.13/turn              (no ring)
                                (no ring)
                                (no ring)

@: protection aura
A: almost no armour, stealthy swim, amphibious, 8 rings, constrict 8, camouflage
1, gelatinous body 1
a: Evoke Flight


You were on level 6 of the Dungeon.
You were hungry.

You visited 1 branch of the dungeon, and saw 6 of its levels.

You collected 339 gold pieces.

Inventory:

Hand Weapons
 a - a +0 hunting sling
 b - a +1 long sword of protection (weapon)
 g - a +0 dagger
 l - a +1 falchion of holy wrath
Missiles
 c - 39 sling bullets
 h - 110 stones
 m - a throwing net (quivered)
Jewellery
 f - a ring of positive energy (left tentacle)
 k - a ring of flight (right tentacle)
Scrolls
 e - a scroll of fog
 s - a scroll of magic mapping
 w - a scroll of remove curse
Potions
 i - 2 potions of haste
 j - a potion of brilliance
 n - a potion of magic
 o - 2 potions of mutation {unknown}
 p - a potion of flight {unknown}
 q - a potion of invisibility {unknown}
 r - 2 potions of agility
 t - a potion of lignification {unknown}
 v - 2 potions of curing
Comestibles
 d - 6 rations


   Skills:
 + Level 5.2 Fighting
 - Level 2.0 Slings
 * Level 6.4 Dodging
 - Level 6.0 Stealth
 + Level 3.7 Spellcasting
 - Level 3.0 Hexes


You had 7 spell levels left.
You knew the following spells:

 Your Spells              Type           Power        Failure   Level  Hunger
a - Corona                Hex            ##.....      4%          1    None
b - Slow                  Hex            ##......     7%          2    ##.....
c - Cause Fear            Hex            ##........   41%         4    ####...


Dungeon Overview and Level Annotations

Branches:
Dungeon (6/15)
 Temple: D:4-7

Altars:

Shops:
D:5 =([   D:6 %

Annotations:
D:3 tilp's ghost, amateur MfIE
D:5 DEFE's ghost, novice DEWn
D:6 Pikel


Innate Abilities, Weirdness & Mutations

You cannot wear most types of armour.
You are very stealthy in the water. (Stealth+)
You are amphibious.
You can wear up to eight rings at the same time.
You can use your tentacles to constrict eight enemies at once.
Your skin changes colour to match your surroundings (Stealth+).
Your rubbery body absorbs attacks. (AC +1, EV +1)


Message History

You are electrocuted!
Pikel hits you but does no damage.
Unknown command.
You hit Pikel.
Pikel is severely wounded.
You constrict Pikel, but do no damage. Pikel hits you but does no damage.
You hit Pikel but do no damage.
Pikel is severely wounded.
You constrict Pikel.
Pikel hits you with a whip of electrocution!
You are electrocuted!
* * * LOW HITPOINT WARNING * * *
Pikel barely misses you.
You hit Pikel.
Pikel is severely wounded.
You constrict Pikel. Pikel completely misses you.
Unknown command.
You hit Pikel.
Pikel is almost dead.
You constrict Pikel. Pikel hits you but does no damage.
You are electrocuted!
You die... ####### #.....# ..... ppp

##K## #[@.#
###'####### ##.#
#....[#...##.... ###
#.....'...#.........
#.....#.<.........##
#######............#
#............#
##...##.....#
##.#.#....####


You could see Pikel and 3 slaves.

Vanquished Creatures
  Grinder (D:6)
  Menkaure (D:5)
  2 ice beasts
  A slave (D:6)
  Blork the orc (D:4)
  A water moccasin zombie (D:6)
  2 howler monkeys
  A jelly (D:4)
  An orc wizard (D:4)
  2 orc priests (D:4)
  A hound (D:4)
  A centaur skeleton (D:4)
  An iguana (D:4)
  Natasha (thrice) (D:4)
  3 worker ants
  A hound skeleton (D:4)
  A mummy (D:4)
  7 adders
  2 oozes
  An adder zombie (D:5)
  An adder skeleton (D:5)
  4 worms
  3 leopard geckos
  13 orcs
  A ball python (D:2)
  5 giant cockroaches
  8 goblins
  5 hobgoblins
  3 jackals (D:1)
  10 kobolds
  3 quokkas
  9 bats
  6 frilled lizards
  A giant cockroach zombie (D:6)
  A hobgoblin zombie (D:4)
  2 jackal skeletons (D:4)
  A leopard gecko skeleton (D:6)
  3 orc zombies (D:4)
  6 rats
119 creatures vanquished.

Notes
Turn   | Place    | Note
-------+----------+-------------------------------------------
     0 | D:1      | inmateoo the Octopode Arcane Marksman began the quest for the Orb.
     0 | D:1      | Reached XP level 1. HP: 13/13 MP: 2/2
   125 | D:1      | Reached skill level 1 in Stealth
   279 | D:1      | Reached XP level 2. HP: 18/18 MP: 3/3
   590 | D:1      | Reached XP level 3. HP: 1/24 MP: 4/4
  1399 | D:2      | Learned a level 2 spell: Slow
  1815 | D:2      | Reached XP level 4. HP: 19/29 MP: 5/5
  2088 | D:3      | Noticed tilp's ghost (amateur MfIE)
  2234 | D:3      | Reached skill level 5 in Stealth
  2336 | D:3      | Reached XP level 5. HP: 34/35 MP: 6/6
  2878 | D:4      | Noticed Natasha
  2884 | D:4      | Killed Natasha
  2967 | D:4      | Reached XP level 6. HP: 19/42 MP: 7/7
  2982 | D:4      | Noticed Natasha
  3027 | D:4      | Learned a level 4 spell: Cause Fear
  3169 | D:4      | Killed Natasha
  3441 | D:4      | Noticed Natasha
  3471 | D:4      | Killed Natasha
  3666 | D:4      | Noticed Blork the orc
  3675 | D:4      | Killed Blork the orc
  3768 | D:4      | Reached XP level 7. HP: 30/47 MP: 9/9
  4466 | D:5      | Entered Level 5 of the Dungeon
  4466 | D:5      | Found Xoanaup's Jewellery Boutique.
  4467 | D:5      | Found Dapluesm's Antique Weapon Shoppe.
  4824 | D:5      | Reached skill level 5 in Dodging
  5120 | D:5      | Noticed Menkaure
  5128 | D:5      | Noticed DEFE's ghost (novice DEWn)
  5410 | D:5      | Killed Menkaure
  5410 | D:5      | Reached XP level 8. HP: 35/54 MP: 12/12
  5538 | D:5      | Found Jithrown's Antique Armour Emporium.
  5754 | D:6      | Noticed Grinder
  5762 | D:6      | Paralysed by Grinder for 7 turns
  5775 | D:6      | Paralysed by Grinder for 5 turns
  5786 | D:6      | Killed Grinder
  5786 | D:6      | Reached skill level 5 in Fighting
  6072 | D:6      | Found Diulip's Food Shoppe.
  6210 | D:6      | Noticed Pikel
  6221 | D:6      | Slain by Pikel

Vault maps used:
D:1:      sevenhm_arrival_forest_fort_large_1, minmay_misc_feat_tiny
D:2:      first_ration
D:3:      kennysheep_flooded_box, grunt_ministairs_2
D:4:      kennysheep_nondescript, minmay_mini_ossuary, uniq_natasha,
          uniq_blork_the_orc
D:5:      serial_shops, shop_fountains, shop, shop, shop,
          nicolae_shop_waterfront, minmay_splitting_lines, st_stairs_3,
          uniq_menkaure
D:6:      serial_shops, nicolae_shop_trees, nicolae_zen_rock_garden,
          uniq_grinder, uniq_pikel

Skill      XL: |  1  2  3  4  5  6  7  8 |
---------------+-------------------------+-----
Stealth        | 1 3 4 5 6 |  6.0
Fighting       | 2 3 4 5 |  5.2
Dodging        | 3 5 6 |  6.4
Spellcasting   | 3 |  3.7
Slings         | |  2.0
Hexes          | |  3.0

Action                   |  1- 3 |  4- 6 |  7- 9 || total
-------------------------+-------+-------+-------++-------
Melee: Unarmed           |    11 |       |       ||    11
       Dagger            |    81 |    26 |     6 ||   113
       Constrict         |    17 |    25 |    27 ||    69
       Tentacles         |    14 |    24 |    25 ||    63
       Long sword        |       |    67 |    95 ||   162
       Falchion          |       |       |    11 ||    11
 Fire: Hunting sling     |     9 |    18 |     1 ||    28
Throw: Stone             |       |     1 |       ||     1
       Throwing net      |       |       |     1 ||     1
 Abil: Evoke Flight      |       |     1 |       ||     1
  Use: Scroll            |     8 |       |     4 ||    12
       Potion            |       |     1 |     2 ||     3
 Stab: Sleeping          |    12 |    12 |    11 ||    35
       Held in net/web   |       |       |     2 ||     2
  Eat: Chunk             |     3 |     5 |     5 ||    13
       Ration            |       |       |     1 ||     1
Armor: Skin              |    12 |    20 |    18 ||    50
Dodge: Dodged            |    53 |    51 |    88 ||   192
       Rpst.: Long sword |       |    18 |    30 ||    48
       Falchion          |       |       |     1 ||     1

Table legend:
 A = Spawn XP
 B = Non-spawn XP
 C = Spawn XP percentage of total XP
 D = Spawn monster count
 E = Non-spawn monster count
 F = Spawn count percentage of total count
 G = Total turns spent on level
                    A         B        C        D         E        F      G
               +---------+---------+-------+---------+---------+-------+---------
         Total |       0 |    1828 |   0.0 |       0 |     118 |   0.0 |  6221
               +---------+---------+-------+---------+---------+-------+---------
           D:1 |       0 |      39 |   0.0 |       0 |      22 |   0.0 |  1144
           D:2 |       0 |      76 |   0.0 |       0 |      20 |   0.0 |  1101
           D:3 |       0 |      65 |   0.0 |       0 |      22 |   0.0 |   871
           D:4 |       0 |     632 |   0.0 |       0 |      35 |   0.0 |  1969
           D:5 |       0 |     464 |   0.0 |       0 |      12 |   0.0 |   474
           D:6 |       0 |     552 |   0.0 |       0 |       7 |   0.0 |   662
               +---------+---------+-------+---------+---------+-------+---------
